 Dungeon Crawl Stone Soup version 0.23.2-1-ga50397a (webtiles) character file.

Game seed: 17637048256475737772

587 Borgoz the Slasher (level 7, -1/62 HPs)
             Began as a Minotaur Berserker on May 26, 2019.
             Was a Priest of Trog.
             Succumbed to an orc wizard's poison
             ... on level 4 of the Dungeon.
             The game lasted 00:04:56 (3916 turns).

Borgoz the Slasher (Minotaur Berserker)             Turns: 3916, Time: 00:04:57

Health: -1/62      AC:  6    Str: 22    XL:     7   Next: 15%
Magic:  6/6        EV: 18    Int:  5    God:    Trog [***...]
Gold:   165        SH:  0    Dex: 15    Spells: 6/6 levels left

rFire    . . .     SeeInvis .   a - +0 falchion
rCold    . . .     Gourm    .   (no shield)
rNeg     . . .     Faith    .   l - +0 ring mail
rPois    .         Spirit   .   (helmet restricted)
rElec    .         Reflect  .   (no cloak)
rCorr    .         Harm     .   (no gloves)
MR       +++..                  (no boots)
Stlth    ++........             (no amulet)
HPRegen  1.20/turn              d - ring of protection from magic
MPRegen  0.10/turn              (no ring)

@: agile, lethally poisoned (-1 -> -8), berserk cooldown, regenerating, slowed,
very slow
A: retaliatory headbutt, horns 2
a: Berserk, Trog's Hand, Renounce Religion


You were on level 4 of the Dungeon.
You worshipped Trog.
Trog was most pleased with you.
You were hungry.

You visited 1 branch of the dungeon, and saw 4 of its levels.

You collected 165 gold pieces.

Inventory:

Hand Weapons
 a - a +0 falchion (weapon)
Armour
 l - a +0 ring mail (worn)
Jewellery
 b - an uncursed ring of protection from fire {unknown}
 d - a ring of protection from magic (left hand)
Scrolls
 e - 2 scrolls of remove curse {unknown}
 f - a scroll of noise {unknown}
 g - 4 scrolls of identify {unknown}
 i - a scroll of fear {unknown}
 j - a scroll of magic mapping {unknown}
 k - 2 scrolls of enchant armour {unknown}
 n - 3 scrolls of random uselessness {unknown}
Comestibles
 c - 3 rations
 m - 17 chunks of flesh


   Skills:
 + Level 5.8 Fighting
 + Level 5.8 Long Blades
 + Level 5.2 Armour
 + Level 4.6 Dodging


You had 6 spell levels left.
You didn't know any spells.
Your spell library was empty.

Dungeon Overview and Level Annotations

Branches:
Dungeon (4/15)
 Temple: D:4-7

Altars:
Cheibriados
Dithmenos
Fedhas
Qazlal
Ru
Vehumet
Xom
Yredelemnul
The Shining One


Innate Abilities, Weirdness & Mutations

You reflexively headbutt those who attack you in melee.
You have a pair of horns on your head.


Message History

a +1 dagger of venom; a +0 robe You slash the orc!
You kill the orc!
Trog accepts your kill.
* * * LOW HITPOINT WARNING * * *
You feel sick.
* * * LOW HITPOINT WARNING * * *
You feel sick.
Things that are here:
a +0 mace; a +0 leather armour; an orc corpse You butcher the orc corpse.
You feel a strong urge to attack something.
* * * LOW HITPOINT WARNING * * *
You feel sick.
Items here: % ) [ รท a +0 mace; a +0 leather armour; 2 chunks of flesh; an orc skeleton You are no longer berserk.
You are exhausted.
You feel yourself slow down.
You die...

#. #. #.## #..#
##.## ##...## ###
##.....##
.....#...)...###
#...@)_.....###
#.#.......#...#
##.....####.#
##...#####.#
##.##....>#
#..#.###.# .#.#.#
#.#### #...##..#.#.#
#....#
#...##..#.#.########


There were no monsters in sight!

Vanquished Creatures
  3 orc priests (D:4)
  A centaur skeleton (D:3)
  Jessica (D:2)
  An iguana (D:3)
  2 worker ants (D:4)
  4 orc wizards
  A hound skeleton (D:4)
  8 gnolls
  6 adders
  4 worms (D:2)
  3 dart slugs (D:1)
  3 leopard geckos
  17 orcs
  3 giant cockroaches (D:3)
  5 hobgoblins
  A jackal (D:3)
  2 quokkas (D:3)
  11 bats
  16 frilled lizards
  8 goblins
  6 kobolds
  11 rats
117 creatures vanquished.

Notes
Turn   | Place    | Note
-------+----------+-------------------------------------------
     0 | D:1      | Borgoz the Minotaur Berserker began the quest for the Orb.
     0 | D:1      | Reached XP level 1. HP: 19/19 MP: 0/0
   276 | D:1      | Reached XP level 2. HP: 27/27 MP: 1/1
   753 | D:1      | Reached XP level 3. HP: 33/33 MP: 2/2
  1334 | D:2      | Noticed Jessica
  1338 | D:2      | Killed Jessica
  1338 | D:2      | Reached XP level 4. HP: 35/40 MP: 3/3
  2188 | D:2      | Reached XP level 5. HP: 31/47 MP: 4/4
  2229 | D:2      | Reached ** piety under Trog
  2338 | D:2      | Found a shadowy altar of Dithmenos.
  2711 | D:3      | Reached skill level 5 in Fighting
  2711 | D:3      | Reached skill level 5 in Long Blades
  2719 | D:3      | Found a sacrificial altar of Ru.
  3053 | D:3      | Reached XP level 6. HP: 56/56 MP: 5/5
  3122 | D:3      | Reached *** piety under Trog
  3596 | D:4      | Found a stormy altar of Qazlal.
  3798 | D:4      | Found a blossoming altar of Fedhas.
  3799 | D:4      | Found a shimmering altar of Xom.
  3799 | D:4      | Found a radiant altar of Vehumet.
  3801 | D:4      | Found a glowing golden altar of the Shining One.
  3801 | D:4      | Found a snail-covered altar of Cheibriados.
  3857 | D:4      | Reached skill level 5 in Armour
  3891 | D:4      | Found a basalt altar of Yredelemnul.
  3909 | D:4      | Reached XP level 7. HP: 13/62 MP: 6/6
  3913 | D:4      | HP: 3/93 [poisoned by an orc wizard]
  3915 | D:4      | HP: 1/93 [poisoned by an orc wizard]
  3916 | D:4      | Succumbed to an orc wizard's poison

Skill      XL: |  1  2  3  4  5  6 |
---------------+-------------------+-----
Fighting       | 4 5 |  5.8
Long Blades    | 4 5 |  5.8
Armour         | 3 4 5 |  5.2
Dodging        | 3 4 |  4.6

Action                   |  1- 3 |  4- 6 |  7- 9 || total
-------------------------+-------+-------+-------++-------
Melee: Falchion          |    41 |   186 |     3 ||   230
       Headbutt          |     5 |    35 |     1 ||    41
Invok: Berserk           |       |     4 |       ||     4
       Trog's Hand       |       |     2 |       ||     2
  Use: Potion            |       |     1 |       ||     1
 Stab: Sleeping          |     1 |       |       ||     1
       Paralysed         |       |     1 |       ||     1
  Eat: Chunk             |       |    13 |       ||    13
Armor: Animal skin       |     6 |    11 |       ||    17
       Ring mail         |       |    30 |       ||    30
Dodge: Dodged            |    31 |   125 |     3 ||   159
       Rpst.: Falchion   |     6 |    29 |     2 ||    37
